 Dungeon Crawl Stone Soup version 0.17-a0-1763-g847a857 (webtiles) character file.

130 kosy22 the Ducker (level 4, 0/60 HPs)
             Began as a Draconian Berserker on Sept 5, 2015.
             Was a Believer of Trog.
             Slain by a centaur (2 damage)
             ... on level 3 of the Dungeon.
             The game lasted 00:08:54 (3169 turns).

kosy22 the Ducker (Draconian Berserker)             Turns: 3169, Time: 00:08:55

Health: 0/60       AC:  6    Str: 25    XL:     4   Next: 90%
Magic:  4/4        EV: 13    Int:  8    God:    Trog [**....]
Gold:   132        SH:  0    Dex: 10    Spells: 0 memorised, 3 levels left

rFire  + . .     SeeInvis .     k - -2 short sword (curse)
rCold  + . .     Clarity  .     (armour unavailable)
rNeg   . . .     SustAt   .     (no shield)
rPois  +         Gourm    .     (helmet restricted)
rElec  +         Spirit   .     (no cloak)
rCorr  +         Warding  .     c - +0 pair of gloves
rMut   .         Stasis   .     (no boots)
MR     +....                    (no amulet)
Stlth  ..........               q - ring of flight
                                g - ring of protection from magic

@: berserking, resistant, very quick, somewhat resistant to hostile
enchantments, extremely unstealthy
A: unfitting armour, cold-blooded, AC +5
a: Burn Spellbooks, Berserk, Trog's Hand, Renounce Religion, Evoke Flight


You were on level 3 of the Dungeon.
You worshipped Trog.
Trog was pleased with you.
You were not hungry.

You visited 1 branch of the dungeon, and saw 3 of its levels.

You collected 132 gold pieces.

Inventory:

Hand weapons
 a - a +0 hand axe
 k - a cursed -2 short sword (weapon)
 n - a +0 short sword of freezing
Missiles
 d - 113 stones (quivered)
Armour
 c - a +0 pair of gloves (worn)
Jewellery
 g - a ring of protection from magic (left hand)
 j - an uncursed amulet of stasis
 q - a ring of flight (right hand)
Scrolls
 p - a scroll of magic mapping {unknown}
Potions
 b - a potion of agility {unknown}
 e - a potion of might {unknown}
 f - a potion of ambrosia {unknown}
 h - a potion of cure mutation {unknown}
 i - 2 potions of brilliance
 o - a potion of haste {unknown}
 r - a potion of degeneration {unknown}
Miscellaneous
 l - a plain deck of summoning


   Skills:
 + Level 3.7 Fighting
 + Level 0.8 Short Blades
 + Level 3.4 Axes
 + Level 4.3 Dodging
 + Level 0.8 Stealth


You had 3 spell levels left.
You didn't know any spells.

Dungeon Overview and Level Annotations

Branches:
Dungeon (3/15)

Altars:
Ashenzari
Dithmenos
Nemelex Xobeh
The Shining One


Innate Abilities, Weirdness & Mutations

Your plain brown scales are hard (AC +5).
Your body does not fit into most forms of armour.
You are cold-blooded and may be slowed by cold attacks.


Message History

* * * LOW HITPOINT WARNING * * *
The centaur hits you but does no damage.
Use which ability?
A red film seems to cover your vision as you go berserk!
You feel yourself moving faster!
You feel mighty!
You feel somewhat more hungry.
The centaur hits you but does no damage.
The hobgoblin closely misses you.
You barely miss the centaur.
The centaur is heavily wounded.
The centaur hits you.
* * * LOW HITPOINT WARNING * * *
The hobgoblin hits you but does no damage.
You hit the centaur.
The centaur is heavily wounded.
The centaur barely misses you.
You hit the centaur. You tail-slap the centaur.
The centaur is almost dead.
The centaur hits you.
You die...

###########........
.......#...........
...........###.....
..#####.#####...... #.#
##..... #### ###.#
####### ... #...##
#....<.
######.###.(..#####.....
.....(c@...(_(......(...
...###g####....###.....#
... ##...# #....## .....
#.### #....## ##.... #.#
#...... #.... .# #......
##.#. .# ##.#... .... ..
..#... ....


You could see a centaur and a hobgoblin.

Vanquished Creatures
  Jessica (D:3)
  A hound skeleton (D:3)
  4 adders (D:2)
  A giant gecko (D:2)
  7 bats
  6 goblins
  4 hobgoblins
  11 kobolds
  2 giant cockroaches
  5 giant newts
  9 jackals
  5 rats
56 creatures vanquished.

Notes
Turn   | Place    | Note
--------------------------------------------------------------
     0 | D:1      | kosy22 the Draconian Berserker began the quest for the Orb.
     0 | D:1      | Reached XP level 1. HP: 19/19 MP: 1/1
   323 | D:1      | Reached XP level 2. HP: 26/26 MP: 2/2
   433 | D:1      | Found a shattered altar of Ashenzari.
  1427 | D:2      | Acquired Trog's second power
  1427 | D:2      | Reached XP level 3. HP: 15/31 MP: 3/3
  2067 | D:2      | Found a shadowy altar of Dithmenos.
  2076 | D:2      | Reached XP level 4. HP: 38/38 MP: 4/4
  2410 | D:2      | Found a sparkling altar of Nemelex Xobeh.
  2737 | D:2      | Reached skill level 4 in Dodging
  2840 | D:3      | Noticed Jessica
  2862 | D:3      | Killed Jessica
  3141 | D:3      | Found a glowing golden altar of the Shining One.
  3147 | D:3      | Noticed a centaur
  3167 | D:3      | HP: 1/60 [centaur (3)]
  3169 | D:3      | Slain by a centaur

Vault maps used:
D:1:      minmay_arrival_five_plusses, kennysheep_minor_cross, ashenzari_altar_1
D:2:      nemelex_deck, first_bread, nicolae_dithmenos_through_a_glass_darkly
D:3:      nicolae_overflow_crystal_walls, ecumenical_altar_2, uniq_jessica,
          uniq_robin

Action                   |  1- 3 |  4- 6 || total
-------------------------+-------+-------++-------
Melee: Hand axe          |    45 |       ||    45
       Short sword       |   126 |   102 ||   228
Throw: Stone             |       |     1 ||     1
Invok: Berserk           |       |     1 ||     1
  Use: Scroll            |     7 |       ||     7
       Potion            |       |     1 ||     1
  Eat: Bread ration      |     1 |     1 ||     2
